 Dungeon Crawl Stone Soup version 0.27-a0-1296-g8ece459b43 (webtiles) character file.

Game seed: 10144099307089243223

8029 Delamore the Spear-Bearer (level 11, 0/89 HPs)
             Began as a Formicid Fighter on June 16, 2021.
             Was a Believer of Qazlal.
             Slain by a green ugly thing (4 damage)
             ... on level 10 of the Dungeon.
             The game lasted 00:13:25 (11357 turns).

Delamore the Spear-Bearer (Formicid Fighter)       Turns: 11357, Time: 00:13:25

Health: 0/89       AC:  8    Str: 23    XL:     11   Next: 48%
Magic:  11/11      EV:  9    Int:  9    God:    Qazlal [**....]
Gold:   675        SH:  0    Dex: 16    Spells: 10/10 levels left

rFire    + . .     SeeInvis +   m - +2 trident (freeze)
rCold    + . .     Faith    +   c - +1 kite shield
rNeg     . . .     Spirit   .   b - +0 scale mail
rPois    .         Reflect  .   (helmet unavailable)
rElec    .         Harm     .   H - scarf {rC+ rF+}
rCorr    .         Rampage  .   (no gloves)
Will     +....                  i - +0 pair of boots
Stlth    ..........             t - amulet of faith
HPRegen  0.24/turn              a - +6 ring of dexterity
MPRegen  0.12/turn              (no ring)

@: confused, lethally poisoned (0 -> -12), ambrosia-drunk, studying Polearms
A: permanent stasis, dig shafts and tunnels, antennae 3, four strong arms
a: Dig, Shaft Self, Renounce Religion, Upheaval


You were on level 10 of the Dungeon.
You worshipped Qazlal.
Qazlal was pleased with you.
You visited 3 branches of the dungeon, and saw 12 of its levels.

You collected 675 gold pieces.

Inventory:

Hand Weapons
 m - a +2 trident of freezing (weapon)
 n - a +0 halberd of flaming
 A - a +1 halberd
Missiles
 g - 40 boomerangs
 y - a throwing net
 G - 23 poisoned darts (quivered)
Armour
 b - a +0 scale mail (worn)
 c - a +1 kite shield (worn)
 i - a +0 pair of boots (worn)
 l - a +2 cloak
 H - a scarf of resistance (worn)
Jewellery
 a - a +6 ring of dexterity (left hand)
 t - an amulet of faith (around neck)
 B - a ring of magical power
Wands
 o - a wand of flame (12)
 u - a wand of iceblast (8)
 D - a wand of polymorph (3)
 E - a wand of paralysis (6)
Scrolls
 f - 2 scrolls of fear
 r - a scroll of amnesia
 s - 4 scrolls of enchant weapon
 v - a scroll of identify
 F - a scroll of enchant armour
Potions
 d - 3 potions of might
 e - 2 potions of haste
 j - 3 potions of lignification
 p - a potion of resistance
 q - 4 potions of brilliance
 w - a potion of ambrosia
 x - 5 potions of degeneration
 z - 2 potions of invisibility
 C - a potion of mutation {unknown}


   Skills:
 + Level 9.4 Fighting
 - Level 14.0 Polearms
 - Level 5.0 Armour
 - Level 7.0 Shields


You had 10 spell levels left.
You didn't know any spells.
Your spell library contained the following spells:

 Spells                   Type           Power      Damage    Failure   Level
 Beastly Appendage        Tmut           0%         N/A       83%         1
 Foxfire                  Conj/Fire      0%         2x1d4     83%         1
 Wereblood                Tmut           0%         N/A       92%         2
 Conjure Flame            Conj/Fire      0%         6-21      99%         3
 Inner Flame              Hex/Fire       0%         N/A       99%         3
 Spider Form              Tmut/Pois      0%         N/A       99%         3
 Ice Form                 Ice/Tmut       0%         N/A       100%        4
 Sticky Flame             Conj/Fire      0%         2d3       100%        4
 Fireball                 Conj/Fire      0%         3d3       100%        5


Dungeon Overview and Level Annotations

Branches:
Dungeon (10/15)            Temple (1/1) D:6            Lair (1/6) D:9
    Orc: D:9-12

Altars:
Ashenzari
Cheibriados
Dithmenos
Elyvilon
Fedhas
Gozag
Hepliaklqana
Nemelex Xobeh
Okawaru
Qazlal
Ru
Sif Muna
Trog
Uskayaw
Vehumet
Wu Jian
Xom
Yredelemnul
Zin
The Shining One

Shops:
D:3 [


Innate Abilities, Weirdness & Mutations

You cannot be hasted, slowed, berserked, paralysed or teleported.
You can dig through walls and to a lower floor.
You have a pair of large antennae on your head. (SInv)
Your four strong arms can wield two-handed weapons with a shield.


Message History

You feel very sick.
You feel much better.
You feel very sick.
The green ugly thing closely misses you.
You hit the green ugly thing but do no damage.
The green ugly thing is severely wounded.
You feel very sick. The green ugly thing punches you.
You are lethally poisoned!
The green ugly thing poisons you!
You closely miss the green ugly thing.
The green ugly thing is severely wounded.
You feel extremely sick.
You block the green ugly thing's attack.
You hit the green ugly thing. You freeze the green ugly thing.
The green ugly thing is severely wounded.
* * * LOW HITPOINT WARNING * * *
You feel very sick.
You hit the green ugly thing. You freeze the green ugly thing.
The green ugly thing is almost dead.
* * * LOW HITPOINT WARNING * * *
You feel very sick.
You block the green ugly thing's attack.
Okay, then.
* * * LOW HITPOINT WARNING * * *
You feel extremely sick.
You are confused.
You feel invigorated.
* * * LOW HITPOINT WARNING * * *
You feel very sick. The green ugly thing misses you.
You bump into the rock wall.
* * * LOW HITPOINT WARNING * * *
You feel very sick. The green ugly thing punches you!
* * * LOW HITPOINT WARNING * * *
* * * LOW HITPOINT WARNING * * *
You feel very sick. The green ugly thing punches you.
You die...

.(..#.#.#######.##...#
.... ###.#...# #.#
#..#..... ....#..##
#.###........ .#..#..#
#.#.......... .#.##..#
##.#.##......)
##.##.)# #.†..#
.#..... #..###.#
###....# .# ....
..####.#####....#.# .#
..!
.##.......#.....@u# .#
.. ##.........?####..#
.# #
##.........##DO##.# .#
##....<...#ZYWT#.#
#).......#.ZoO#...
#......#.##.Z#####.
#.........##'###.##.
#.......#####.O$..#.
#####..##Ooh+##


You could see a green ugly thing, 3 two-headed ogres, a yak, a troll, a wraith,
an acid dragon, an orc wizard, 2 centaur zombies and a howler monkey zombie.

Vanquished Creatures
  A two-headed ogre (D:10)
  A manticore (D:10)
  Joseph (D:7)
  2 cane toads (Lair:1)
  A komodo dragon (Lair:1)
  A troll (D:10)
  Sigmund (D:4)
  A shadow (D:9)
  A wraith (D:7)
  A wyvern (D:8)
  11 yaks
  2 steam dragons
  2 wargs (D:9)
  A water moccasin (D:7)
  2 orc warriors (D:9)
  A necrophage (D:4)
  2 sky beasts
  2 centaurs
  A phantom (D:6)
  2 kobold brigands
  2 bullfrogs
  2 gnoll sergeants
  A wyvern zombie (D:6)
  A water moccasin zombie (D:6)
  A wyvern skeleton (D:6)
  3 wights (D:6)
  4 howler monkeys
  2 centaur zombies
  2 hounds (D:4)
  A centaur skeleton (D:5)
  4 orc priests
  2 bullfrog zombies
  3 gnoll shamans
  An iguana (D:5)
  8 orc wizards
  A hound zombie (D:5)
  A hound skeleton (D:4)
  A howler monkey zombie (D:8)
  17 gnolls
  5 adders
  2 white imps (D:6)
  2 worms
  52 orcs
  4 endoplasms
  3 giant cockroaches
  9 hobgoblins
  17 jackals
  3 ball pythons
  A frilled lizard (D:1)
  7 goblins
  4 kobolds
  5 rats
  A spectral goblin (D:9)
209 creatures vanquished.

Vanquished Creatures (others)
  A fungus (Lair:1)
  15 plants
16 creatures vanquished.

Grand Total: 225 creatures vanquished

Notes
Turn   | Place    | Note
-------+----------+-------------------------------------------
     0 | D:1      | Delamore the Formicid Fighter began the quest for the Orb.
     0 | D:1      | Reached XP level 1. HP: 18/18 MP: 1/1
   183 | D:1      | Reached XP level 2. HP: 20/24 MP: 2/2
   947 | D:2      | Found a faded altar of an unknown god.
   964 | D:2      | Reached skill level 3 in Polearms
   964 | D:2      | Reached XP level 3. HP: 30/30 MP: 3/3
  1294 | D:2      | You fall into a shaft and drop 1 floor!
  1649 | D:3      | Reached XP level 4. HP: 33/37 MP: 4/4
  1718 | D:3      | Found a shadowy altar of Dithmenos.
  2042 | D:3      | Found Terph's Antique Armour Shoppe.
  2085 | D:3      | Found a bloodstained altar of Trog.
  2231 | D:4      | Noticed Sigmund
  2239 | D:4      | Killed Sigmund
  2240 | D:4      | Reached skill level 5 in Polearms
  2240 | D:4      | Reached XP level 5. HP: 36/43 MP: 5/5
  2240 | D:4      | Reached XP level 6. HP: 42/50 MP: 6/6
  2576 | D:4      | Reached skill level 5 in Fighting
  2751 | D:4      | Reached skill level 6 in Polearms
  2751 | D:4      | Reached XP level 7. HP: 24/56 MP: 7/7
  3027 | D:4      | HP: 1/56 [gnoll sergeant (11)]
  3050 | D:4      | Reached skill level 7 in Polearms
  3432 | D:4      | Found a shimmering altar of Xom.
  3508 | D:4      | Found a basalt altar of Yredelemnul.
  3687 | D:4      | Reached XP level 8. HP: 52/62 MP: 8/8
  3710 | D:4      | Reached skill level 8 in Polearms
  4218 | D:5      | Entered Level 5 of the Dungeon
  4318 | D:5      | Found a hide-covered altar of Uskayaw.
  5004 | D:6      | Reached skill level 9 in Polearms
  5219 | D:6      | HP: 3/62 [wyvern zombie (3)]
  5561 | D:6      | Reached skill level 10 in Polearms
  5561 | D:6      | Reached XP level 9. HP: 30/66 MP: 9/9
  5940 | D:6      | Found a staircase to the Ecumenical Temple.
  5951 | Temple   | Entered the Ecumenical Temple
  6189 | Temple   | Became a worshipper of Qazlal Stormbringer
  6492 | D:7      | Found a broken altar of Ashenzari.
  6528 | D:7      | You fall into a shaft and drop 2 floors!
  6635 | D:7      | Reached skill level 11 in Polearms
  7039 | D:7      | Noticed Joseph
  7059 | D:7      | Killed Joseph
  7519 | D:8      | Reached skill level 12 in Polearms
  7548 | D:8      | Identified the +4 scimitar of Ruguanoq {drain, rPois rCorr
                  | Int-2 SInv}
  7591 | D:8      | Reached XP level 10. HP: 69/74 MP: 10/10
  7604 | D:8      | Reached * piety under Qazlal
  7614 | D:8      | Reached skill level 13 in Polearms
  7921 | D:8      | Found an opulent altar of Gozag.
  8260 | D:8      | Identified a scroll of acquirement
  8260 | D:8      | Acquired a manual of Polearms
  8709 | D:9      | Found a sparkling altar of Nemelex Xobeh.
  9110 | D:9      | Found a staircase to the Lair.
  9151 | D:9      | Reached ** piety under Qazlal
  9534 | D:9      | Found a white marble altar of Elyvilon.
  9605 | D:9      | Found a hazy altar of Hepliaklqana.
  9742 | Lair:1   | Entered Level 1 of the Lair of Beasts
  9817 | Lair:1   | Noticed a komodo dragon
  9818 | Lair:1   | Noticed a cane toad
  9836 | Lair:1   | Killed a komodo dragon
  9842 | Lair:1   | Killed a cane toad
  9843 | Lair:1   | Reached skill level 14 in Polearms
  9843 | Lair:1   | Reached skill level 5 in Shields
  9955 | Lair:1   | Noticed a cane toad
  9974 | Lair:1   | Killed a cane toad
 10092 | Lair:1   | Noticed a seven-headed hydra
 10421 | D:10     | Entered Level 10 of the Dungeon
 10429 | D:9      | Reached skill level 5 in Armour
 10440 | D:10     | Reached XP level 11. HP: 61/83 MP: 11/11
 11038 | D:10     | Noticed a two-headed ogre
 11050 | D:10     | Killed a two-headed ogre
 11188 | D:10     | Noticed a green ugly thing
 11188 | D:10     | Noticed a two-headed ogre
 11192 | D:10     | Noticed a two-headed ogre
 11192 | D:10     | Noticed a two-headed ogre
 11213 | D:10     | Noticed a manticore
 11235 | D:10     | Killed a manticore
 11356 | D:10     | HP: 1/89 [green ugly thing (12)]
 11357 | D:10     | Slain by a green ugly thing

Illustrated notes

Levels and vault maps discovered:
D:1:      shiori_arrival_maze, layout_loops_ring, minmay_pentomino_z2
D:2:      layout_basic, shapermc_ecumenical_altar_venn
D:3:      layout_rooms, lightli_temple_of_fire, nicolae_dithmenos_the_darkroom,
          serial_shops, shop_fountains
D:4:      lemuel_castle_with_subvaults [lemuel_castle_interior_carwin_2],
          layout_basic, xom_teletrap_fun, lemuel_coloured_pillars_altar,
          minmay_misc_feat_five, uniq_sigmund
D:5:      layout_gridville, lemuel_doored_altar
D:6:      layout_cave_pools, minmay_temple_entry_tees
D:7:      layout_loops_ring, ashenzari_conservatory_becter, uniq_joseph
D:8:      layout_basic, amcnicky_altar_gilded
D:9:      layout_irregular_city, nicolae_hepliaklqana_monster_ancestors,
          nicolae_overflow_crystal_walls, old_standard_altar,
          erik_lair_orcish_takeover, kennysheep_generic_room_7
D:10:     minmay_evil_eye, layout_rooms, kennysheep_vampire_church,
          makhleb_altar_promises_db, kennysheep_orc_monster_closet_entryway,
          serial_shops, nicolae_take_the_stairs, shop, minmay_joined_circles
Temple:   jpeg_temple_alley_garden
Lair:1:   layout_chaotic_city, serial_forest, infiniplex_forest_lined_room_2,
          infiniplex_forest_clump_C, infiniplex_forest_end_1,
          infiniplex_forest_split, infiniplex_forest_end_1,
          infiniplex_forest_lined_room_, infiniplex_forest_clump_medium,
          infiniplex_staircase_pool

Skill      XL: |  1  2  3  4  5  6  7  8  9 10 11 |
---------------+----------------------------------+-----
Polearms       | 3 5 6 7 10 12 14 | 14.0
Fighting       | 4 5 6 9 |  9.4
Shields        | 5 7 |  7.0
Armour         | 5 |  5.0

Action                   |  1- 3 |  4- 6 |  7- 9 | 10-12 || total
-------------------------+-------+-------+-------+-------++-------
Melee: Trident           |    71 |   113 |   345 |   280 ||   809
Throw: Boomerang         |       |       |     2 |     1 ||     3
       Dart              |       |       |       |    11 ||    11
 Abil: Dig               |       |     4 |     7 |     4 ||    15
  Use: Scroll            |     5 |     2 |     6 |     5 ||    18
       Potion            |       |       |     2 |     3 ||     5
Armor: Scale mail        |    20 |    67 |    87 |    49 ||   223
       Skin              |       |       |     2 |       ||     2
Dodge: Dodged            |    18 |    34 |    65 |    48 ||   165
Block: Kite shield       |    26 |    45 |   152 |   139 ||   362

Table legend: (Time is in decaauts)
 A = Elapsed time spent in this place.
 B = Non-inter-level travel time spent in this place.
 C = Inter-level travel time spent in this place.
 D = Time resting spent in this place.
 E = Time spent auto-exploring this place.
 F = Levels seen in this place.
 G = Mean time per level.
                   A        B        C        D        E       F      G
               +--------+--------+--------+--------+--------+-----+--------+
         Total |  11376 |  10675 |    701 |   2636 |   6409 |  12 |  948.0 |
       Dungeon |  10729 |  10117 |    612 |   2423 |   6154 |  10 | 1072.9 |
        Temple |    267 |    178 |     89 |      0 |    175 |   1 |  267.0 |
          Lair |    378 |    378 |      0 |    213 |     80 |   1 |  378.0 |
               +--------+--------+--------+--------+--------+-----+--------+

Top non-repeatable levels by time:
     D:4: 2041 daAuts
     D:9: 1676 daAuts
     D:6: 1206 daAuts
     D:8: 1130 daAuts
     D:7: 988 daAuts
     D:1: 788 daAuts
     D:5: 769 daAuts
     D:3: 765 daAuts
     D:2: 709 daAuts
    D:10: 653 daAuts
  Lair:1: 378 daAuts
  Temple: 267 daAuts
